Construct Section Command Post
Selects Air and Sea Battlegroup
Construct Field Infirmary
Construct Platoon Command Post
Selects Commando Section Paradrop
Commando Section Paradrop
Selects M1 Pack Howitzer Paradrop
Construct Company Command Post
Unlock M3 Grant Medium Tanks
Selects Anti-tank Rocket Loiter
Selects Centaur Medium Tank
Selects Naval Bombardment
Commando Section Paradrop
6-pounder Anti-tank Gun Team
Commando Section Paradrop
Commando Section Paradrop